 Dungeon Crawl Stone Soup version 0.26-a0-774-g1415c89e12 (webtiles) character file.

Game seed: 12022008028777900430

179 2tc the Spear-Bearer (level 5, -10/41 HPs)
             Began as a Merfolk Abyssal Knight on Nov 9, 2020.
             Was a Believer of Lugonu.
             Mangled by Sigmund
             ... wielding a +0 scythe
              (13 damage)
             ... on level 3 of the Dungeon.
             The game lasted 00:11:00 (3177 turns).

2tc the Spear-Bearer (Merfolk Abyssal Knight)       Turns: 3177, Time: 00:11:00

Health: -10/41     AC:  6    Str: 12    XL:     5   Next: 59%
Magic:  6/6        EV: 12    Int: 12    God:    Lugonu [**....]
Gold:   165        SH:  0    Dex: 14    Spells: 4/4 levels left

rFire    . . .     SeeInvis .   a - +1 spear
rCold    . . .     Faith    .   (no shield)
rNeg     . . .     Spirit   .   g - +3 leather armour
rPois    .         Reflect  .   (no helmet)
rElec    .         Harm     .   (no cloak)
rCorr    .         Rampage  .   (no gloves)
MR       .....                  (no boots)
Stlth    +.........             (no amulet)
HPRegen  0.13/turn              (no ring)
MPRegen  0.10/turn              (no ring)

@: attractive
A: change form in water, swift swim, stealthy swim
a: Depart the Abyss, Bend Space, Renounce Religion


You were on level 3 of the Dungeon.
You worshipped Lugonu.
Lugonu was pleased with you.
You visited 1 branch of the dungeon, and saw 3 of its levels.
You visited the Abyss 1 time.

You collected 165 gold pieces.

Inventory:

Hand Weapons
 a - a +1 spear (weapon)
 f - a +1 hand axe of venom
Missiles
 l - 3 boomerangs (quivered)
Armour
 e - a +2 tower shield
 g - a +3 leather armour (worn)
Wands
 k - a wand of disintegration (8)
Scrolls
 h - 2 scrolls of remove curse
 m - 2 scrolls of amnesia
Potions
 b - 3 potions of lignification
 c - a potion of flight


   Skills:
 - Level 3.2 Fighting
 * Level 8.2 Polearms
 - Level 0.6 Armour
 - Level 2.6 Dodging
 - Level 2.0 Invocations


You had 4 spell levels left.
You didn't know any spells.
Your spell library was empty.

Dungeon Overview and Level Annotations

Branches:
Dungeon (3/15)

Altars:
Trog

Annotations:
D:3 Sigmund


Message History

You feel better.
You hit something but do no damage.
You hear some strange, mumbled words.
You are confused.
You bump into the rock wall.
You hear some strange, mumbled words.
A magic dart appears from out of thin air!
The magic dart hits you.
You bump into the rock wall.
You hear some strange, mumbled words.
A magic dart appears from out of thin air!
The magic dart hits you. Something is pulled toward you! Something hits you.
* * * LOW HITPOINT WARNING * * *
You bump into the rock wall.
Something hits you.
* * * LOW HITPOINT WARNING * * *
You bump into the rock wall.
You feel less confused.
You hit something. Something hits you!
You die...

#.# ..####.###
#.# .........#
#.###
#g......#
....#
#w......#
....#
#.......#
....#
#......)#
....#
#....)..#
....#
########w###
#'###
#.....@.g.#
#.#
#.#########
#.# #.# #.#
#.# #.# #.#
#.# #.# #.#
#.#
#.#########.##
#............#


You could see a worm and a goblin.

Vanquished Creatures
  Ijyb (D:3)
  An iguana (D:3)
  5 adders
  3 worms (D:2)
  2 dart slugs
  3 leopard geckos
  9 bats
  3 giant cockroaches
  5 goblins
  8 hobgoblins
  8 jackals (D:1)
  5 kobolds
  A quokka (D:2)
  6 frilled lizards
  9 rats
69 creatures vanquished.

Notes
Turn   | Place    | Note
-------+----------+-------------------------------------------
     0 | Abyss:1  | 2tc the Merfolk Abyssal Knight began the quest for the Orb.
     0 | Abyss:1  | Reached XP level 1. HP: 18/18 MP: 2/2
    23 | Abyss:1  | Noticed a starcursed mass
    36 | Abyss:1  | Noticed a green very ugly thing
    37 | D:1      | Escaped the Abyss
   105 | D:1      | Reached skill level 4 in Polearms
   105 | D:1      | Reached XP level 2. HP: 11/24 MP: 3/3
   386 | D:1      | Reached * piety under Lugonu
   870 | D:1      | Reached skill level 5 in Polearms
   870 | D:1      | Reached XP level 3. HP: 29/29 MP: 4/4
  1339 | D:2      | Reached skill level 6 in Polearms
  1346 | D:2      | Reached XP level 4. HP: 35/35 MP: 5/5
  1522 | D:2      | Reached ** piety under Lugonu
  2175 | D:2      | Reached skill level 7 in Polearms
  2270 | D:2      | Noticed a moth of wrath
  2272 | D:2      | Found a bloodstained altar of Trog.
  2767 | D:3      | Noticed Ijyb
  2807 | D:3      | Killed Ijyb
  2807 | D:3      | Reached XP level 5. HP: 29/41 MP: 6/6
  2947 | D:3      | Reached skill level 8 in Polearms
  3134 | D:3      | Noticed Sigmund
  3177 | D:3      | Mangled by Sigmund

Illustrated notes

Levels and vault maps discovered:
D:1:      onia_arrival_pyramid, layout_loops_ring
D:2:      layout_basic, tgw_trog
D:3:      layout_basic, grunt_qazlal_clouds, uniq_ijyb, uniq_sigmund

Skill      XL: |  1  2  3  4  5 |
---------------+----------------+-----
Polearms       | 4 5 6 7 8 |  8.2
Fighting       | |  3.2
Armour         | |  0.6
Dodging        | |  2.6
Invocations    | |  2.0

Action                   |  1- 3 |  4- 6 || total
-------------------------+-------+-------++-------
Melee: Spear             |   159 |   187 ||   346
Invok: Depart the Abyss  |     1 |       ||     1
  Use: Scroll            |     1 |     6 ||     7
       Potion            |     1 |     7 ||     8
 Stab: Sleeping          |     2 |     1 ||     3
Armor: Leather armour    |    26 |    33 ||    59
Dodge: Dodged            |    83 |    52 ||   135

Table legend: (Time is in decaauts)
 A = Elapsed time spent in this place.
 B = Non-inter-level travel time spent in this place.
 C = Inter-level travel time spent in this place.
 D = Time resting spent in this place.
 E = Time spent auto-exploring this place.
 F = Levels seen in this place.
 G = Mean time per level.
                   A        B        C        D        E       F      G
               +--------+--------+--------+--------+--------+-----+--------+
         Total |   3099 |   3073 |     26 |    858 |   1610 |   4 |  774.8 |
       Dungeon |   3064 |   3038 |     26 |    858 |   1589 |   3 | 1021.3 |
         Abyss |     34 |     34 |      0 |      0 |     21 |   1 |   34.0 |
               +--------+--------+--------+--------+--------+-----+--------+

Top non-repeatable levels by time:
     D:2: 1272 daAuts
     D:1: 1254 daAuts
     D:3: 537 daAuts
 Abyss:1: 34 daAuts
